 Dungeon Crawl Stone Soup version 0.20.1-1-g8b1a95d (webtiles) character file.

336 homeworkjunkie the Chopper (level 6, 0/55 HPs)
             Began as a Hill Orc Fighter on Dec 6, 2017.
             Slain by a gnoll
             ... wielding a +0 spear
              (3 damage)
             ... on level 4 of the Dungeon.
             The game lasted 00:03:28 (1098 turns).

homeworkjunkie the Chopper (Hill Orc Fighter)       Turns: 1098, Time: 00:03:29

Health: 0/55       AC: 10    Str: 21    XL:     6   Next: 54%
Magic:  6/6        EV:  5    Int:  8    God:
Gold:   5          SH:  9    Dex: 10    Spells: 5/5 levels left

rFire    . . .     SeeInvis .   a - +0 war axe
rCold    . . .     Gourm    .   c - +0 shield
rNeg     . . .     Faith    .   e - +1 chain mail
rPois    .         Spirit   .   (no helmet)
rElec    .         Reflect  .   (no cloak)
rCorr    .         Harm     .   (no gloves)
MR       .....                  (no boots)
Stlth    ..........             (no amulet)
Regen    0.2/turn               (no ring)
MPRegen  0.1/turn               (no ring)

@: glowing
A: no striking features
a: no special abilities


You were on level 4 of the Dungeon.
You were hungry.

You visited 1 branch of the dungeon, and saw 4 of its levels.

You collected 5 gold pieces.

Inventory:

Hand Weapons
 a - a +0 war axe (weapon)
Armour
 b - a +0 helmet
 c - a +0 shield (worn)
 e - a +1 chain mail (worn)
Potions
 i - a potion of agility {unknown}
Comestibles
 f - a bread ration
 g - a meat ration


   Skills:
 * Level 4.8 Fighting
 * Level 5.8 Axes
 * Level 4.4 Armour
 + Level 0.2 Dodging
 + Level 0.5 Stealth
 * Level 4.6 Shields


You had 5 spell levels left.
You didn't know any spells.

Dungeon Overview and Level Annotations

Branches:
Dungeon (4/15)             Temple (0/1) D:4

Altars:


Message History

You block the gnoll's attack. x2; The gnoll barely misses you.
You block the gnoll's attack.
You slash the gnoll!
You kill the gnoll!
The gnoll barely misses you. x2; The gnoll closely misses you.
You block the gnoll's attack. The gnoll hits you but does no damage.
The gnoll barely misses you.
You see here a club.
You closely miss the gnoll. You hit the gnoll but do no damage.
The gnoll hits you from afar with a spear.
* * * LOW HITPOINT WARNING * * *
You block the gnoll's attack. The gnoll hits you with a spear.
* * * LOW HITPOINT WARNING * * *
You block the gnoll's attack.
Your chain mail prevents you from hitting the gnoll.
You closely miss the gnoll.
The gnoll hits you from afar with a spear.
* * * LOW HITPOINT WARNING * * *
The gnoll hits you with a spear.
You die...

. ..#######
....$(..#####
#..(...%...##
#..........#
#.####)###$$#
#g###..######
#gg.........#
#@###..####.#
#.# #..# #.#
#.# #..# ##.##
### ...
...###...# ..#
#...###.#.....#
#.. ....#
#.#.#...#
##....
#.#.##### #....
..#.# #....#
#.#


You could see 3 gnolls.

Vanquished Creatures
  An ogre (D:4)
  A water moccasin skeleton (D:4)
  A gnoll shaman (D:4)
  An iguana (D:4)
  2 orc wizards (D:3)
  Robin (D:4)
  A gnoll (D:4)
  3 adders
  A worm (D:3)
  A leopard gecko (D:3)
  7 orcs (D:3)
  2 bats (D:3)
  8 goblins (D:4)
  6 hobgoblins
  A quokka (D:4)
  2 frilled lizards
  2 rats
41 creatures vanquished.

Notes
Turn   | Place    | Note
-------+----------+-------------------------------------------
     0 | D:1      | homeworkjunkie the Hill Orc Fighter began the quest for the Orb.
     0 | D:1      | Reached XP level 1. HP: 19/19 MP: 1/1
   369 | D:3      | Noticed an orc wizard
   371 | D:3      | Reached skill level 3 in Axes
   371 | D:3      | Reached XP level 2. HP: 27/27 MP: 2/2
   376 | D:3      | Reached XP level 3. HP: 20/33 MP: 3/3
   703 | D:3      | Reached XP level 4. HP: 40/40 MP: 4/4
   813 | D:3      | Reached skill level 4 in Axes
   823 | D:4      | Noticed an ogre
   828 | D:4      | Killed an ogre
   828 | D:4      | Reached skill level 5 in Axes
   828 | D:4      | Reached XP level 5. HP: 11/47 MP: 5/5
  1012 | D:4      | Found a staircase to the Ecumenical Temple.
  1022 | D:4      | Noticed Robin
  1033 | D:4      | Killed Robin
  1068 | D:4      | Reached XP level 6. HP: 45/53 MP: 6/6
  1098 | D:4      | Slain by a gnoll

Skill      XL: |  1  2  3  4 |
---------------+-------------+-----
Axes           | 3 5 |  5.8
Fighting       | 4 |  4.8
Armour         | 4 |  4.4
Shields        | 4 |  4.6
Dodging        | |  0.2
Stealth        | |  0.5

Action                   |  1- 3 |  4- 6 || total
-------------------------+-------+-------++-------
Melee: War axe           |    60 |    65 ||   125
  Use: Potion            |     1 |     1 ||     2
       Scroll            |       |     2 ||     2
Armor: Scale mail        |    10 |       ||    10
       Chain mail        |    11 |    38 ||    49
Dodge: Dodged            |    17 |    23 ||    40
Block: Shield            |    21 |    47 ||    68
